 Dungeon Crawl Stone Soup version 0.22-a0-305-gd21a89c (webtiles) character file.

177 vishdafish the Skirmisher (level 5, -2/42 HPs)
             Began as a Demonspawn Fighter on Mar 30, 2018.
             Slain by a gnoll
             ... wielding a +0 whip
              (6 damage)
             ... on level 3 of the Dungeon.
             The game lasted 00:03:16 (3238 turns).

vishdafish the Skirmisher (Demonspawn Fighter)      Turns: 3238, Time: 00:03:17

Health: -2/42      AC:  6    Str: 14    XL:     5   Next: 30%
Magic:  5/5        EV:  7    Int:  9    God:
Gold:   173        SH:  9    Dex: 14    Spells: 4/4 levels left

rFire    + . .     SeeInvis .   a - +0 long sword
rCold    . . .     Gourm    .   c - +0 shield
rNeg     . . .     Faith    .   b - +0 scale mail
rPois    .         Spirit   .   (no helmet)
rElec    .         Reflect  .   (no cloak)
rCorr    .         Harm     .   (no gloves)
MR       .....                  (no boots)
Stlth    ..........             (no amulet)
HPRegen  0.14/turn              (no ring)
MPRegen  0.09/turn              (no ring)

@: lethally poisoned (-2 -> -3)
A: fangs 1, hooves 2, fire resistance 1, high mp 1, weak 1
a: no special abilities


You were on level 3 of the Dungeon.
You were not hungry.

You visited 1 branch of the dungeon, and saw 3 of its levels.

You collected 173 gold pieces.

Inventory:

Hand Weapons
 a - a +0 long sword (weapon)
Armour
 b - a +0 scale mail (worn)
 c - a +0 shield (worn)
Scrolls
 d - a scroll of magic mapping {unknown}
 e - a scroll of remove curse {unknown}
 g - 2 scrolls of random uselessness {unknown}
 h - 2 scrolls of enchant armour {unknown}
 i - 2 scrolls of teleportation {unknown}
 k - a scroll of identify {unknown}
 l - 4 scrolls of immolation {unknown}
 m - 2 scrolls of enchant weapon {unknown}
 n - a scroll of fear {unknown}
Potions
 j - a potion of mutation
Comestibles
 f - 5 rations


   Skills:
 + Level 3.7 Fighting
 + Level 3.1 Long Blades
 + Level 3.3 Armour
 + Level 0.5 Dodging
 + Level 3.7 Shields


You had 4 spell levels left.
You didn't know any spells.

Dungeon Overview and Level Annotations

Branches:
Dungeon (3/15)

Altars:


Innate Abilities, Weirdness & Mutations

You have hoof-like feet.
Your flesh is heat resistant. (rF+)
You have very sharp teeth.
You have an increased reservoir of magic. (+10% MP)
You are weak. (Str -2)


Message History

You closely miss the gnoll.
You kill the gnoll!
The gnoll hits you with a whip!
* * * LOW HITPOINT WARNING * * *
It was a potion of mutation.
You feel extremely strange.
Your teeth lengthen and sharpen.
You feel weaker.
You feel more energetic.
You feel sick. You block the gnoll's attack.
You closely miss the gnoll. You bite the gnoll.
The gnoll is lightly wounded.
The gnoll hits you but does no damage.
You hit the gnoll. You kick the gnoll.
The gnoll is heavily wounded.
The gnoll hits you but does no damage. x2
You closely miss the gnoll.
The gnoll is heavily wounded.
You feel sick. You block the gnoll's attack.
You hit the gnoll but do no damage. Your kick misses the gnoll.
The gnoll is heavily wounded.
The gnoll hits you with a whip.
You die...

#.....(...#
#.....(...+
#....†(...#
#......)..#
#..(......#
#..........# ####
#..).......#
#....###J.........#
#.@gg.#+#####.#
#)###.# .. ... ..#
#.#. ....
...#.##.... ### ##
#.##.# #. .# #. .#


You could see a gnoll, an ooze and a hobgoblin.

Vanquished Creatures
  4 adders
  3 gnolls (D:3)
  5 worms
  6 dart slugs
  2 leopard geckos
  4 orcs (D:3)
  5 giant cockroaches
  8 hobgoblins
  2 jackals (D:1)
  3 quokkas (D:3)
  A ball python (D:3)
  15 bats
  5 frilled lizards
  7 goblins
  7 kobolds
  6 rats
83 creatures vanquished.

Notes
Turn   | Place    | Note
-------+----------+-------------------------------------------
     0 | D:1      | vishdafish the Demonspawn Fighter began the quest for the Orb.
     0 | D:1      | Reached XP level 1. HP: 18/18 MP: 1/1
   187 | D:1      | Gained mutation: You have large cloven feet. [demonic ancestry]
   187 | D:1      | Reached XP level 2. HP: 15/24 MP: 2/2
   710 | D:1      | Gained mutation: Your flesh is heat resistant. (rF+) [demonic ancestry]
   710 | D:1      | Reached XP level 3. HP: 27/29 MP: 3/3
  1596 | D:2      | Reached XP level 4. HP: 11/35 MP: 4/4
  3139 | D:3      | Gained mutation: You have hoof-like feet. [demonic ancestry]
  3139 | D:3      | Reached XP level 5. HP: 42/42 MP: 5/5
  3234 | D:3      | Gained mutation: You have very sharp teeth. [potion of mutation]
  3234 | D:3      | Gained mutation: You are weak. (Str -2) [potion of mutation]
  3234 | D:3      | Gained mutation: You have an increased reservoir of magic. (+10% MP) [potion of mutation]
  3238 | D:3      | Slain by a gnoll

Vault maps used:
D:1:      roderic_lyre, hangedman_decor_clover_reticule, minmay_quantized
D:3:      tso_oasis_becter, nicolae_dithmenos_through_a_glass_darkly,
          chequers_ecumenical_altar_twisty, st_stairs_12

Skill      XL: |  1  2  3  4 |
---------------+-------------+-----
Long Blades    | 2 3 |  3.1
Armour         | 3 |  3.3
Shields        | 3 |  3.7
Fighting       | |  3.7
Dodging        | |  0.5

Action                   |  1- 3 |  4- 6 || total
-------------------------+-------+-------++-------
Melee: Long sword        |   120 |   111 ||   231
       Kick              |    24 |    29 ||    53
       Bite              |       |     1 ||     1
  Use: Potion            |     2 |     1 ||     3
  Eat: Chunk             |     2 |     3 ||     5
       Ration            |       |     1 ||     1
Armor: Scale mail        |    53 |    74 ||   127
       Skin              |     2 |       ||     2
Dodge: Dodged            |    40 |    38 ||    78
Block: Shield            |    63 |    77 ||   140
       Rpst.: Long sword |    14 |    10 ||    24

Table legend:
 A = Spawn XP
 B = Non-spawn XP
 C = Spawn XP percentage of total XP
 D = Spawn monster count
 E = Non-spawn monster count
 F = Spawn count percentage of total count
 G = Total turns spent on level
                    A         B        C        D         E        F      G
               +---------+---------+-------+---------+---------+-------+---------
         Total |       0 |     253 |   0.0 |       0 |      83 |   0.0 |  3238
               +---------+---------+-------+---------+---------+-------+---------
           D:1 |       0 |      64 |   0.0 |       0 |      33 |   0.0 |  1456
           D:2 |       0 |      86 |   0.0 |       0 |      28 |   0.0 |  1534
           D:3 |       0 |     103 |   0.0 |       0 |      22 |   0.0 |   248
               +---------+---------+-------+---------+---------+-------+---------
